 Dungeon Crawl Stone Soup version 0.31.0-11-ge490571c62 (webtiles) character file.

Game seed: 3966583278050457229

2806922 iamserjio the Slayer (level 21, 222/222 HPs)
             Began as a Minotaur Fighter on Feb 4, 2024.
             Was the Champion of Jiyva.
             Escaped with the Orb
             ... and 3 runes
             ... and 4 gems!
             The game lasted 00:41:17 (32184 turns).

iamserjio the Slayer (Minotaur Fighter)            Turns: 32184, Time: 00:41:18

Health: 222/222    AC: 37    Str: 38 (41) XL:     21   Next: 92%
Magic:  20/20      EV: 15    Int:  6      God:    Jiyva [******]
Gold:   125        SH: 30    Dex: 13      Spells: 20/20 levels left

rFire   + + .        U - +10 morningstar "Eos" {elec, Halo rElec}
rCold   + . .        X - +4 tower shield
rNeg    + . .        D - +0 gold dragon scales
rPois   +            (helmet restricted)
rElec   +            T - +1 cloak of Starlight {*Dazzle EV+4 Stlth--}
rCorr   +            G - +1 pair of gloves
SInv    .            n - +0 pair of boots
Will    +++++        q - amulet of reflection Stlth
                     W - ring of Pocawk {rN+ Str+6 Dex+3}
HPRegen 2.97/turn    C - ring of Nikiceuc {rF+ Will+ Int+2}
MPRegen 0.97/turn

%: reflection
@: glowing
A: horns 2, retaliatory headbutt, hooves 2, iridescent scales 3, strong-willed
3, regeneration 1, strong 1, tendrils
0: Orb of Zot
}: 3/15 runes: decaying, serpentine, slimy
a: Renounce Religion, Oozemancy, Slimify


You escaped.
You worshipped Jiyva.
Jiyva was exalted by your worship.
You visited 10 branches of the dungeon, and saw 50 of its levels.
You also visited: Bailey and Gauntlet.

You collected 3472 gold pieces.
You spent 3347 gold pieces at shops.

Inventory:

Hand Weapons
 f - a +9 broad axe of electrocution
 U - the +10 morningstar "Eos" (weapon) {elec, Halo rElec}
   (You found it on level 10 of the Dungeon)

   Halo:      It grants its wielder a halo, revealing invisible creatures and
   increasing accuracy against all within it other than the wielder.
   rElec:     It insulates you from electricity.
Missiles
 E - 12 curare-tipped darts (quivered)
Armour
 n - a +0 pair of boots (worn)
 w - +0 storm dragon scales
 D - +0 gold dragon scales (worn)
 G - a +1 pair of gloves (worn)
 T - the +1 cloak of Starlight (worn) {*Dazzle EV+4 Stlth--}
   (You found it in a Gauntlet)

   *Dazzle:   It may blind those who miss an attack against the wearer in melee
   combat.
   EV+4:      It affects your evasion (+4).
   Stlth--:   It makes you much less stealthy.
 V - a +3 plate armour of poison resistance
 X - a +4 tower shield (worn)
Jewellery
 b - an amulet of regeneration
 q - an amulet of reflection (around neck)
 C - the ring of Nikiceuc (right hand) {rF+ Will+ Int+2}
   (You bought it in a shop on level 2 of the Orcish Mines)

   [ring of willpower]

   Int+2:     It affects your intelligence (+2).
   rF+:       It protects you from fire.
   Will+:     It increases your willpower.
 I - a ring of poison resistance
 P - a +4 ring of slaying
 W - the ring of Pocawk (left hand) {rN+ Str+6 Dex+3}
   (You found it on level 5 of the Pits of Slime)

   [ring of strength]

   Str+6:     It affects your strength (+6).
   Dex+3:     It affects your dexterity (+3).
   rN+:       It protects you from negative energy.
Wands
 t - a wand of digging (4) {@v3}
 y - a wand of roots (26)
 B - a wand of light (19)
 L - a wand of polymorph (10)
 O - a wand of mindburst (10)
 R - a wand of paralysis (23)
Scrolls
 g - 2 scrolls of silence
 j - 6 scrolls of vulnerability
 l - 6 scrolls of immolation
 x - 5 scrolls of fog
 A - 3 scrolls of torment
 H - a scroll of enchant weapon
 J - 5 scrolls of identify {@r1}
 Q - a scroll of poison
 S - a scroll of amnesia
Potions
 i - a potion of cancellation
 k - 3 potions of mutation
 o - 2 potions of enlightenment
 s - 3 potions of magic
 v - 3 potions of attraction
 K - 2 potions of degeneration
 M - 2 potions of ambrosia
 N - 6 potions of curing {@q1}
 Y - a potion of lignification
Miscellaneous
 a - a phantom mirror
 c - a lightning rod (4/4)
 Z - a tin of tremorstones (2/2)


   Skills:
 * Level 26.5 Fighting
 + Level 24.3(24.6) Axes
 - Level 7.2(17.5) Maces & Flails
 + Level 21.8 Armour
 - Level 9.9 Dodging
 + Level 19.4 Shields
 - Level 4.3 Evocations


You had 20 spell levels left.
You didn't know any spells.
Your spell library contained the following spells:

 Spells                   Type           Power      Damage    Failure   Level
 Kiss of Death            Conj/Necr      0%         2d5       99%         1
 Magic Dart               Conj           0%         1d3       99%         1
 Necrotise                Necr           0%         1d4       99%         1
 Sandblast                Erth           0%         2d4       99%         1
 Blink                    Tloc           0%         N/A       99%         2
 Call Imp                 Summ           0%         N/A       99%         2
 Ensorcelled Hibernation  Hex/Ice        0%         N/A       99%         2
 Lesser Beckoning         Tloc           0%         N/A       99%         2
 Dazzling Flash           Conj/Hex       0%         N/A       100%        3
 Fugue of the Fallen      Necr           0%         N/A       100%        3
 Gell's Gravitas          Tloc           0%         N/A       100%        3
 Hailstorm                Conj/Ice       0%         3d5       100%        3
 Inner Flame              Hex/Fire       0%         N/A       100%        3
 Mephitic Cloud           Conj/Alch/Air  0%         N/A       100%        3
 Passwall                 Erth           0%         N/A       100%        3
 Sigil of Binding         Hex            0%         N/A       100%        3
 Stone Arrow              Conj/Erth      0%         3d7       100%        3
 Summon Ice Beast         Ice/Summ       0%         N/A       100%        3
 Swiftness                Air            0%         N/A       100%        3
 Teleport Other           Tloc           0%         N/A       100%        3
 Tukima's Dance           Hex            0%         N/A       100%        3
 Vampiric Draining        Necr           0%         2d6       100%        3
 Volatile Blastmotes      Fire/Tloc      0%         2d10      100%        3
 Anguish                  Hex/Necr       0%         N/A       100%        4
 Animate Armour           Summ/Erth      0%         N/A       100%        4
 Brom's Barrelling Bould  Conj/Erth      0%         2d3       100%        4
 Cause Fear               Hex            0%         N/A       100%        4
 Flame Wave               Conj/Fire      0%         2d4       100%        4
 Fulminant Prism          Conj/Alch      0%         3d5       100%        4
 Ignite Poison            Fire/Alch      0%         N/A       100%        4
 Iskenderun's Mystic Bla  Conj/Tloc      0%         2d3       100%        4
 Martyr's Knell           Necr/Summ      0%         N/A       100%        4
 Sticky Flame             Fire/Alch      0%         2d4       100%        4
 Summon Lightning Spire   Summ/Air       0%         N/A       100%        4
 Curse of Agony           Necr           0%         N/A       100%        5
 Lee's Rapid Deconstruct  Erth           0%         3d4*      100%        5
 Silence                  Hex/Air        0%         N/A       100%        5
 Summon Forest            Summ/Tloc      0%         N/A       100%        5
 Eringya's Noxious Bog    Alch           0%         4d6       100%        6
 Plasma Beam              Fire/Air       0%         2x1d10    100%        6
 Sculpt Simulacrum        Ice/Alch       0%         N/A       100%        6
 Enfeeble                 Hex            0%         N/A       100%        7
 Haunt                    Necr/Summ      0%         N/A       100%        7
 Malign Gateway           Summ/Tloc      0%         N/A       100%        7
 Ozocubu's Refrigeration  Ice            0%         4d7       100%        7
 Summon Hydra             Summ           0%         N/A       100%        7
 Ignition                 Fire           0%         3d3       100%        8
 Summon Horrible Things   Summ           0%         N/A       100%        8
 Polar Vortex             Ice            0%         N/A       100%        9


Dungeon Overview and Level Annotations

Branches:
Dungeon (15/15)            Temple (0/1) D:4            Lair (5/5) D:8
  Swamp (4/4) Lair:2        Snake (4/4) Lair:2        Slime (5/5) Lair:5
    Orc (2/2) D:10            Elf (2/3) Orc:2        Vaults (4/5) D:13
  Crypt (0/3) Vaults:2     Depths (4/4) D:15            Zot (5/5) Depths:4
 Bailey (visited)         Gauntlet (visited)

Altars:
Cheibriados
Elyvilon
Fedhas
Gozag
Hepliaklqana
Makhleb
Okawaru
Ru
Sif Muna
Trog
Uskayaw
Wu Jian
Xom
Zin
The Shining One
Jiyva

Shops:
D:6 *   D:8 :   D:10 [(   D:12 *:(   D:14 :   Orc:1 *   Orc:2 =*[(   Elf:1 [
Elf:2 ?   Snake:2 ((   Snake:4 *   Depths:3 !   Depths:4 *[

Portals:
Hell: Depths:1 Depths:2 Depths:3
Abyss: Depths:1 Depths:3
Pandemonium: Depths:2
Ziggurat: Depths:4

Annotations:
Snake:3 1 runed translucent door, Ciageutz's ghost, journeyman GnHW
Slime:5 Royal Jelly
Elf:2 exclusion: 3 doors
Depths:1 1 runed translucent door, Gemnonof's ghost, adept DgCj


Innate Abilities, Weirdness & Mutations

You have a pair of horns on your head.
You reflexively headbutt those who attack you in melee.
You have hoof-like feet.
You are completely covered in iridescent scales. (AC +6)
You are extremely strong-willed. (Will+++)
Your natural rate of healing is unusually fast.
Your muscles are strong. (Str +4, Int/Dex -1)
You are covered in slimy tendrils that may disarm your opponents.


Message History

There is a stone staircase leading up here.
You climb upwards.
There is a stone staircase leading down here.
There is a stone staircase leading up here.
You climb upwards.
There is a stone staircase leading down here.
There is a stone staircase leading up here.
You climb upwards.
There is a stone staircase leading down here.
There is a stone staircase leading up here.
You climb upwards.
There is a stone staircase leading down here.
There is a stone staircase leading up here.
You climb upwards.
There is a stone staircase leading down here.
There is a stone staircase leading up here.
You climb upwards.
There is a stone staircase leading down here.
There is a stone staircase leading up here.
You climb upwards.
There is a stone staircase leading down here.
There is a stone staircase leading up here.
You climb upwards.
There is a stone staircase leading down here.
There is a stone staircase leading up here.
You climb upwards.
There is a stone staircase leading down here.
There is a stone staircase leading up here.
You climb upwards.
There is a stone staircase leading down here.
There is a stone staircase leading up here.
You climb upwards.
There is a stone staircase leading down here.
What level of the Dungeon? (default 1, ? - help)
Okay, then.
An orange demon comes into view.
You block the orange demon's attack.
There is a staircase leading out of the dungeon here.
You block the orange demon's attack.
You have escaped!

............##
.....#...#....... ..#
.....#...#.###### #.#
.....#......J...#####.#
............###.....#.#
#######...#.#######.#.#
....###.#.#......#..#.#
#.......#.......>#..#.#
#.......#.#...4.@#.##.###
#.......#........#......#
#.......##########..#.#.#
#...................#.#.#
#.......#########...#.#.#
#.......# #...#.#.#
........# #...#.#.#
..J.....####.# #...#.#.#
.............# #...#.#.#


You could see an orange demon.

Vanquished Creatures
  An ancient lich (Depths:3)
  2 orbs of fire
  Saint Roka (Vaults:1)
  4 golden dragons
  3 bone dragons
  Rupert (D:13)
  5 tentacled monstrosities
  An Ice Fiend (Depths:4)
  10 Orb Guardians (Zot:5)
  A Hell Sentinel (Zot:4)
  3 liches
  4 quicksilver dragons
  A sphinx (Vaults:3)
  Frances (Snake:2)
  4 death cobs
  2 tengu reavers
  Aizul (Vaults:1)
  Kirke (Lair:5)
  5 storm dragons
  3 shadow dragons
  Roxanne (D:14)
  5 nagarajas
  3 draconian shifters (Zot:2)
  3 frost giants
  A fire giant (Depths:1)
  3 draconian knights
  A draconian monk (Zot:5)
  3 draconian scorchers
  Louise (D:14)
  A balrug (Depths:1)
  2 ghost moths
  6 vault wardens
  2 deep elf elementalists (Elf:1)
  An iron dragon (Depths:4)
  2 ghouls (Swamp:2)
  An orc warlord (Orc:2)
  2 draconian annihilators
  3 draconian stormcallers
  9 very ugly things
  8 ironbound preservers
  2 ironbound thunderhulks (Vaults:3)
  4 green draconians
  2 vampire knights
  14 stone giants
  Nessos (D:13)
  A deep elf demonologist (Vaults:4)
  8 white draconians
  3 deep elf death magi
  7 black draconians
  3 eleionomae
  2 bunyips (Swamp:2)
  A deep elf annihilator (Elf:1)
  5 dire elephants
  5 purple draconians
  3 red draconians
  2 war gargoyles
  A minotaur (Gauntlet)
  2 yellow draconians
  2 ettins
  Josephine (Orc:2)
  Snorg (D:13)
  A green death (Gauntlet)
  2 fire dragons
  4 ice dragons (Depths:4)
  3 hell beasts
  5 vault guards
  6 yaktaur captains
  A deep elf high priest (Elf:2)
  8 hydras
  Erolcha (D:12)
  3 rakshasas
  9 alligators
  2 ghost crabs (Swamp:4)
  4 ironbound frosthearts
  2 ogre magi
  A death knight (D:13)
  2 spriggan air magi
  2 peacekeepers
  10 anacondas
  11 two-headed ogres
  8 boulder beetles
  16 centaur warriors
  2 catoblepae
  15 dancing weapons
  3 death yaks (Lair:5)
  5 deep troll shamans
  4 tengu warriors
  6 vampire magi
  11 naga warriors
  5 orc high priests
  6 deep troll earth magi
  3 shock serpents
  An occultist (Depths:1)
  10 naga sharpshooters
  A soul eater (D:12)
  6 spriggan berserkers
  4 skysharks
  10 deep elf knights
  A fire crab (Gauntlet)
  3 salamander mystics
  Lodul (D:10)
  4 skeletal warriors (D:11)
  5 iron trolls
  29 deep trolls
  2 goliath frogs
  A spriggan rider (Depths:3)
  A sixfirhy (D:12)
  5 spriggan druids
  3 naga ritualists
  A quicksilver dragon simulacrum (Depths:1)
  3 swamp dragons
  2 deep elf archers
  3 mana vipers (Snake:4)
  2 arcanists
  3 bog bodies (Swamp:4)
  3 spectral hydras (Swamp:4)
  An alligator zombie (Swamp:4)
  7 ironbound convokers
  13 deep elf zephyrmancers
  A spectral alligator (Swamp:4)
  2 phantasmal warriors
  6 orc knights
  7 lindwurms
  5 necromancers
  15 orc sorcerers
  A salamander (shapeshifter) (D:14)
  4 cyclopes
  An oklob plant (Lair:1)
  17 deep elf pyromancers
  A human zombie (Vaults:4)
  4 harpies (Vaults:1)
  8 will-o-the-wisps
  5 manticores
  25 ugly things
  A stone giant skeleton (Vaults:4)
  11 moths of wrath
  16 elephants
  8 guardian serpents
  A rust devil (D:12)
  10 salamanders
  4 meliai (D:14)
  2 meliai (shapeshifter)
  2 kobold blastminers
  2 torpor snails
  A water nymph (Vaults:3)
  Joseph (D:10)
  25 black mambas
  14 cane toads
  3 unseen horrors
  11 vault sentinels
  15 naga magi
  5 swamp worm zombies (Swamp:4)
  14 large abominations
  Jeremiah (D:7)
  A hellion (D:12)
  3 orange demons
  12 komodo dragons
  3 kobold demonologists
  A rime drake (Lair:2)
  A freezing wraith (D:14)
  4 efreet
  9 yaktaurs
  3 hydra zombies (Swamp:4)
  3 red devils
  3 tengu conjurers
  A bloated husk (Swamp:4)
  2 polar bears
  10 hornets
  A hornet (shapeshifter) (D:14)
  8 trolls
  A merfolk (shapeshifter) (Elf:1)
  A wolf spider simulacrum (D:14)
  9 tyrant leeches
  4 spectral swamp dragons (Swamp:4)
  14 blink frogs
  A centaur simulacrum (D:15)
  A ynoxinul (D:12)
  A deep troll skeleton (Vaults:4)
  7 small abominations
  15 spriggans
  5 air elementals
  4 wyverns
  3 tyrant leech zombies (Swamp:4)
  9 wraiths
  15 humans (D:13)
  80 yaks
  2 vampires
  6 basilisks
  A shadow (D:12)
  4 hogs (Lair:5)
  A fire elemental (Elf:2)
  4 fire bats (Gauntlet)
  2 steam dragons
  A yaktaur simulacrum (Vaults:4)
  3 chaos spawn
  16 vampire mosquitoes
  A glowing shapeshifter zombie (Vaults:4)
  A two-headed ogre zombie (Orc:1)
  Duvessa (D:7)
  19 swamp worms
  45 nagas
  An acid dragon (D:8)
  19 water moccasins
  2 swamp drakes (Swamp:1)
  2 ice beasts
  26 orc warriors
  4 swamp dragon zombies (Swamp:4)
  2 black bears (D:8)
  14 centaurs
  33 ogres
  19 wolves
  7 kobold brigands
  6 phantoms
  18 bullfrogs
  A gnoll sergeant (D:9)
  2 elf zombies (Elf:1)
  6 earth elementals
  A necrophage (Swamp:2)
  3 scorpions
  3 wights (D:9)
  Dowan (D:7)
  9 killer bees
  2 electric eels (Lair:5)
  4 howler monkeys
  3 crimson imps (Gauntlet)
  A quasit (D:12)
  3 hounds
  17 orc priests
  A bombardier beetle (D:7)
  A gnoll bouda (D:7)
  A sleepcap (D:4)
  5 iguanas
  20 orc wizards
  An ogre zombie (Orc:1)
  12 gnolls
  4 adders
  A white imp (D:6)
  2 ufetubi (D:7)
  3 dart slugs
  3 ribbon worms
  63 orcs
  A bat (D:2)
  5 giant cockroaches
  2 goblins (D:4)
  A hobgoblin (D:1)
  3 jackals (D:3)
  3 quokkas
  5 ball pythons
  19 kobolds
  5 rats
1429 creatures vanquished.

Vanquished Creatures (collateral kills)
  A fenstrider witch (Swamp:2)
  An ironbound thunderhulk (Vaults:3)
  A boulder beetle (D:14)
  2 deep trolls (Vaults:3)
  An ugly thing (D:14)
  A cane toad (Lair:5)
  A blink frog (Lair:5)
  2 dream sheep (Lair:5)
  A swamp drake (Swamp:2)
11 creatures vanquished.

Vanquished Creatures (others)
  2 liches (Vaults:3)
  An eldritch tentacle (Zot:5)
  2 deep elf demonologists (Vaults:3)
  A deep elf annihilator (Vaults:3)
  4 great orbs of eyes
  A rakshasa (Depths:2)
  An ogre mage (Vaults:3)
  A ghost crab (Swamp:4)
  A two-headed ogre (Vaults:3)
  An occultist (Depths:1)
  A deep elf knight (Elf:1)
  A sea snake (shapeshifter) (Depths:3)
  A deep troll (Vaults:1)
  An arcanist (Vaults:2)
  A phantasmal warrior (Swamp:4)
  A deep elf zephyrmancer (Elf:1)
  An ugly thing (Depths:3)
  A will-o-the-wisp (Swamp:1)
  A kobold blastminer (Orc:1)
  A vault sentinel (Vaults:3)
  A smoke demon (Gauntlet)
  An unseen horror (D:13)
  A tengu conjurer (Depths:4)
  3 bloated husks
  A hellwing (Zot:5)
  A troll (Vaults:1)
  A glass eye (Depths:3)
  12 slime creatures
  A fire elemental (Elf:2)
  A human (D:13)
  A water moccasin (shapeshifter) (Elf:2)
  A naga (Snake:1)
  An orc warrior (Orc:2)
  4 phantoms (Swamp:4)
  2 bullfrogs (Lair:5)
  A killer bee (Zot:3)
  A howler monkey (D:5)
  3 orc priests
  165 jellies
  A bombardier beetle (D:5)
  A sleepcap (D:5)
  An iguana (D:5)
  2 orc wizards (Orc:2)
  3 gnolls (D:3)
  A dart slug (D:4)
  5 endoplasms (D:3)
  A ribbon worm (D:3)
  13 orcs
  A giant cockroach (D:3)
  A goblin (D:3)
  A hobgoblin (D:3)
  5 kobolds
  2 frilled lizards
  2 rats (D:3)
  A ball lightning (Zot:5)
  50 foxfires
318 creatures vanquished.

Grand Total: 1758 creatures vanquished

Notes
Turn   | Place    | Note
-------+----------+-------------------------------------------
     0 | D:1      | iamserjio the Minotaur Fighter began the quest for the Orb.
     0 | D:1      | Reached XP level 1. HP: 19/19 MP: 0/0
     8 | D:1      | Found a faded altar of an unknown god.
    36 | D:1      | Prayed at the altar of an unknown god.
    36 | D:1      | Became a worshipper of Jiyva Jypsepsi the Shapeless
    36 | D:1      | Reached * piety under Jiyva
   371 | D:1      | Reached ** piety under Jiyva
   454 | D:1      | Reached XP level 2. HP: 27/27 MP: 1/1
   694 | D:3      | Reached skill level 4 in Fighting
   717 | D:3      | Reached XP level 3. HP: 33/33 MP: 2/2
   726 | D:3      | Found a snail-covered altar of Cheibriados.
   922 | D:3      | Reached *** piety under Jiyva
   975 | D:3      | Reached XP level 4. HP: 36/40 MP: 3/3
  1379 | D:4      | Reached XP level 5. HP: 37/47 MP: 4/4
  1500 | D:4      | Gained mutation: Your translucent skin slightly reduces
                  | your foes' accuracy. (Stealth+) [Jiyva's grace]
  1500 | D:4      | Gained mutation: Your translucent skin reduces your foes'
                  | accuracy. (Stealth+) [Jiyva's grace]
  1500 | D:4      | Gained mutation: Your transparent skin significantly
                  | reduces your foes' accuracy. (Stealth+) [Jiyva's grace]
  1500 | D:4      | Gained mutation: You are somewhat resistant to further
                  | mutation. [Jiyva's grace]
  1584 | D:4      | Found a staircase to the Ecumenical Temple.
  1620 | D:4      | Reached **** piety under Jiyva
  2120 | D:5      | Entered Level 5 of the Dungeon
  2120 | D:5      | Noticed an ice beast
  2120 | D:5      | Noticed a water moccasin
  2128 | D:5      | Killed a water moccasin
  2129 | D:5      | Reached skill level 5 in Axes
  2129 | D:5      | Reached XP level 6. HP: 55/55 MP: 5/5
  2131 | D:5      | Killed an ice beast
  2132 | D:5      | Reached skill level 5 in Fighting
  2132 | D:5      | Reached skill level 5 in Armour
  2132 | D:5      | Reached skill level 5 in Shields
  2298 | D:5      | Reached XP level 7. HP: 61/61 MP: 6/6
  2631 | D:5      | Reached ***** piety under Jiyva
  2640 | D:5      | Found a blossoming altar of Fedhas.
  2708 | D:5      | Found an opulent altar of Gozag.
  2790 | D:6      | Reached skill level 6 in Fighting
  2800 | D:6      | Found Byustrecw's Assorted Antiques.
  2811 | D:6      | Bought a black potion for 23 gold pieces
  2811 | D:6      | Bought a scroll labelled DUOLOE NERESM for 26 gold pieces
  2811 | D:6      | Bought a scroll labelled DUOLOE NERESM for 26 gold pieces
  2811 | D:6      | Bought a glowing lead wand for 104 gold pieces
  2910 | D:6      | Reached XP level 8. HP: 70/70 MP: 7/7
  3151 | D:6      | Found a burning altar of Makhleb.
  3256 | D:6      | Found a hide-covered altar of Uskayaw.
  3257 | D:6      | Found a shimmering blue altar of Sif Muna.
  3259 | D:6      | Found a sacrificial altar of Ru.
  3261 | D:6      | Found a white marble altar of Elyvilon.
  3389 | D:7      | Noticed Dowan
  3512 | D:7      | Reached skill level 7 in Fighting
  3545 | D:7      | Found a bloodstained altar of Trog.
  3586 | D:7      | Reached skill level 1 in Evocations
  3617 | D:7      | Reached XP level 9. HP: 72/79 MP: 8/8
  3636 | D:7      | Noticed Jeremiah
  3678 | D:7      | Killed Jeremiah
  3762 | D:7      | Lost mutation: You are somewhat resistant to further
                  | mutation. [Jiyva's grace]
  3762 | D:7      | Gained mutation: You expend magic power (3 MP) to
                  | strengthen your wands. [Jiyva's grace]
  3762 | D:7      | Gained mutation: You are covered in slimy tendrils that may
                  | disarm your opponents. [Jiyva's grace]
  3762 | D:7      | Gained mutation: Your muscles are strong. (Str +4, Int/Dex
                  | -1) [Jiyva's grace]
  3762 | D:7      | Gained mutation: Your muscles are very strong. (Str +8,
                  | Int/Dex -2) [Jiyva's grace]
  3823 | D:7      | Found a glowing golden altar of the Shining One.
  3875 | D:7      | Noticed Duvessa
  3892 | D:7      | Killed Duvessa
  3903 | D:7      | Killed Dowan
  3927 | D:8      | Reached skill level 10 in Axes
  3951 | D:8      | Identified the +6 spear of Prescription {protect, rElec rC+
                  | Int-3}
  3952 | D:8      | Found a flagged portal.
  3979 | Bailey   | Entered a bailey
  4000 | Bailey   | Reached skill level 8 in Fighting
  4050 | Bailey   | Reached XP level 10. HP: 78/90 MP: 9/9
  4106 | Bailey   | Noticed a two-headed ogre
  4114 | Bailey   | Killed a two-headed ogre
  4194 | D:8      | Found Naixzoten's Book Boutique.
  4277 | D:8      | Reached ****** piety under Jiyva
  4347 | D:8      | Found an ornate altar of the Wu Jian Council.
  4430 | D:8      | Reached skill level 9 in Fighting
  4448 | D:8      | Found a staircase to the Lair.
  4934 | D:9      | Noticed a two-headed ogre
  4941 | D:9      | Killed a two-headed ogre
  4942 | D:9      | Reached skill level 1 in Dodging
  4970 | D:9      | Reached XP level 11. HP: 97/97 MP: 10/10
  5186 | D:9      | Lost mutation: Your transparent skin significantly reduces
                  | your foes' accuracy. (Stealth+) [Jiyva's grace]
  5186 | D:9      | Gained mutation: Your rubbery body absorbs attacks. (AC +1,
                  | EV +1) [Jiyva's grace]
  5186 | D:9      | Gained mutation: Your pliable body absorbs attacks. (AC +2,
                  | EV +2) [Jiyva's grace]
  5186 | D:9      | Gained mutation: Your gelatinous body deflects attacks. (AC
                  | +3, EV +3) [Jiyva's grace]
  5186 | D:9      | Gained mutation: You have acidic saliva. [Jiyva's grace]
  5265 | D:10     | Entered Level 10 of the Dungeon
  5299 | D:10     | Noticed a four-headed hydra
  5305 | D:10     | Killed a six-headed hydra
  5320 | D:10     | Noticed Lodul
  5331 | D:10     | Killed Lodul
  5333 | D:10     | Reached skill level 10 in Fighting
  5336 | D:10     | Reached skill level 10 in Armour
  5376 | D:10     | Found the +10 morningstar "Eos" {elec, Halo rElec}
  5466 | D:10     | Found Ustung's Weapon Shoppe.
  5468 | D:10     | Found a staircase to the Orcish Mines.
  5478 | D:10     | Found Guyqapp's Armour Shoppe.
  5491 | D:10     | Bought a +3 plate armour of poison resistance for 588 gold
                  | pieces
  5755 | D:10     | Noticed Joseph
  5767 | D:10     | Killed Joseph
  6230 | D:11     | Noticed a skeletal warrior
  6231 | D:11     | Noticed a skeletal warrior
  6233 | D:11     | Noticed a skeletal warrior
  6238 | D:11     | Killed a skeletal warrior
  6238 | D:11     | Killed a skeletal warrior
  6238 | D:11     | Noticed a skeletal warrior
  6254 | D:11     | Killed a skeletal warrior
  6258 | D:11     | Killed a skeletal warrior
  6417 | D:11     | Lost mutation: Your translucent skin reduces your foes'
                  | accuracy. (Stealth+) [Jiyva's grace]
  6417 | D:11     | Gained mutation: You have an increased reservoir of magic.
                  | (+10% MP) [Jiyva's grace]
  6417 | D:11     | Gained mutation: You have a considerably increased
                  | reservoir of magic. (+20% MP) [Jiyva's grace]
  6417 | D:11     | Gained mutation: You have a greatly increased reservoir of
                  | magic. (+30% MP) [Jiyva's grace]
  6417 | D:11     | Gained mutation: You are agile. (Dex +4, Str/Int -1)
                  | [Jiyva's grace]
  6474 | D:11     | Reached skill level 5 in Dodging
  6480 | D:11     | Reached XP level 12. HP: 100/108 MP: 14/14
  6489 | D:11     | Reached skill level 11 in Fighting
  7056 | D:12     | Noticed a boulder beetle
  7086 | D:12     | Reached skill level 15 in Axes
  7089 | D:12     | Killed a boulder beetle
  7116 | D:12     | Found Ydeyss's General Store.
  7131 | D:12     | Bought a scroll of butterflies for 64 gold pieces
  7131 | D:12     | Bought a scroll of teleportation for 48 gold pieces
  7131 | D:12     | Bought a potion of curing for 48 gold pieces
  7131 | D:12     | Bought a potion of curing for 48 gold pieces
  7522 | D:12     | Found Cytuane's Weapon Emporium.
  7601 | D:12     | Found Irigh's Book Shoppe.
  7659 | D:12     | Noticed Erolcha
  7664 | D:12     | Killed Erolcha
  7839 | D:13     | Noticed a boulder beetle
  7857 | D:13     | Killed a boulder beetle
  7933 | D:13     | Lost mutation: You have a greatly increased reservoir of
                  | magic. (+30% MP) [Jiyva's grace]
  7933 | D:13     | Lost mutation: You have acidic saliva. [Jiyva's grace]
  7933 | D:13     | Lost mutation: Your gelatinous body deflects attacks. (AC
                  | +3, EV +3) [Jiyva's grace]
  7933 | D:13     | Lost mutation: Your pliable body absorbs attacks. (AC +2,
                  | EV +2) [Jiyva's grace]
  7933 | D:13     | Gained mutation: Your translucent skin reduces your foes'
                  | accuracy. (Stealth+) [Jiyva's grace]
  7933 | D:13     | Gained mutation: Your transparent skin significantly
                  | reduces your foes' accuracy. (Stealth+) [Jiyva's grace]
  7933 | D:13     | Gained mutation: Your mind is acute. (Int +4, Str/Dex -1)
                  | [Jiyva's grace]
  7933 | D:13     | Gained mutation: Your mind is very acute. (Int +8, Str/Dex
                  | -2) [Jiyva's grace]
  7944 | D:13     | Reached skill level 12 in Fighting
  7961 | D:13     | Noticed Snorg
  7970 | D:13     | Killed Snorg
  7988 | D:13     | Identified the +4 great sword of Action {venom, rN++ Will+
                  | Str-3 Int+3}
  8013 | D:13     | Noticed a centaur warrior
  8013 | D:13     | Noticed a centaur warrior
  8016 | D:13     | Killed a centaur warrior
  8017 | D:13     | Killed a centaur warrior
  8037 | D:13     | Noticed a two-headed ogre
  8037 | D:13     | Noticed a centaur warrior
  8041 | D:13     | Killed a two-headed ogre
  8046 | D:13     | Killed a centaur warrior
  8047 | D:13     | Reached XP level 13. HP: 118/118 MP: 14/14
  8068 | D:13     | Noticed Rupert
  8077 | D:13     | Killed Rupert
  8128 | D:13     | Found a gate to the Vaults.
  8132 | D:13     | Noticed Nessos
  8173 | D:13     | Killed Nessos
  8674 | D:14     | Noticed Louise
  8687 | D:14     | Killed Louise
  8694 | D:14     | Reached skill level 13 in Fighting
  8864 | D:14     | Found Ismesoitz's Tiny Tomes.
  8905 | D:14     | Noticed Roxanne
  8918 | D:14     | Killed Roxanne
  9144 | D:14     | Paralysed by an ogre mage for 4 turns
  9225 | D:14     | Reached XP level 14. HP: 107/129 MP: 15/15
  9471 | D:15     | Entered Level 15 of the Dungeon
  9790 | D:15     | Found a staircase to the Depths.
  9806 | D:15     | Lost mutation: You are agile. (Dex +4, Str/Int -1) [Jiyva's
                  | grace]
  9806 | D:15     | Lost mutation: Your transparent skin significantly reduces
                  | your foes' accuracy. (Stealth+) [Jiyva's grace]
  9806 | D:15     | Lost mutation: You are covered in slimy tendrils that may
                  | disarm your opponents. [Jiyva's grace]
  9806 | D:15     | Gained mutation: You passively map a small area around you.
                  | [Jiyva's grace]
  9806 | D:15     | Gained mutation: You passively map the area around you.
                  | [Jiyva's grace]
  9806 | D:15     | Gained mutation: You passively map a large area around you.
                  | [Jiyva's grace]
  9806 | D:15     | Gained mutation: A frigid envelope surrounds you and
                  | freezes all who hurt you. [Jiyva's grace]
 10054 | D:15     | Reached skill level 14 in Fighting
 10239 | D:15     | Reached skill level 1 in Maces & Flails
 10408 | Orc:1    | Entered Level 1 of the Orcish Mines
 10488 | Orc:1    | Found Cageuh's Assorted Antiques.
 10646 | Orc:1    | Paralysed by an ogre mage for 5 turns
 10670 | Orc:1    | Reached skill level 5 in Maces & Flails
 10912 | Orc:2    | Entered Level 2 of the Orcish Mines
 10930 | Orc:2    | Noticed an orc warlord
 10944 | Orc:2    | Noticed an orc warlord
 10944 | Orc:2    | Paralysed by an orc sorcerer for 3 turns
 10954 | Orc:1    | Slimified an orc warlord
 10954 | Orc:1    | an orc warlord changed into an azure jelly
 10954 | Orc:1    | Noticed an azure jelly
 11071 | Orc:2    | Reached skill level 10 in Shields
 11111 | Orc:2    | Killed an orc warlord
 11235 | Orc:2    | Reached XP level 15. HP: 139/139 MP: 17/17
 11461 | Orc:2    | Found a staircase to the Elven Halls.
 11490 | Orc:2    | Noticed Josephine
 11495 | Orc:2    | Killed Josephine
 11551 | Orc:2    | Found Kecipt's General Store.
 11552 | Orc:2    | Found Nisher's Jewellery Boutique.
 11554 | Orc:2    | Found Ijogibig's Antique Armour Boutique.
 11554 | Orc:2    | Found Benic's Antique Weapon Shop.
 11560 | Orc:2    | Bought a runed broad axe for 266 gold pieces
 11569 | Orc:2    | Bought a potion of heal wounds for 70 gold pieces
 11631 | Orc:1    | Bought a scroll of blinking for 217 gold pieces
 11722 | Lair:1   | Entered Level 1 of the Lair of Beasts
 11841 | Lair:1   | Reached skill level 15 in Fighting
 12186 | Lair:2   | Reached skill level 15 in Armour
 12371 | Lair:2   | Lost mutation: You passively map a large area around you.
                  | [Jiyva's grace]
 12371 | Lair:2   | Lost mutation: Your muscles are very strong. (Str +8,
                  | Int/Dex -2) [Jiyva's grace]
 12371 | Lair:2   | Lost mutation: Your muscles are strong. (Str +4, Int/Dex
                  | -1) [Jiyva's grace]
 12371 | Lair:2   | Gained mutation: Your movements are slightly less
                  | encumbered by armour. (ER -2) [Jiyva's grace]
 12371 | Lair:2   | Gained mutation: Your movements are less encumbered by
                  | armour. (ER -4) [Jiyva's grace]
 12371 | Lair:2   | Gained mutation: Your movements are significantly less
                  | encumbered by armour. (ER -6) [Jiyva's grace]
 12371 | Lair:2   | Gained mutation: You are somewhat resistant to further
                  | mutation. [Jiyva's grace]
 12547 | Lair:2   | Found a staircase to the Snake Pit.
 12713 | Lair:2   | Found a staircase to the Swamp.
 13136 | Lair:3   | Reached skill level 16 in Fighting
 13200 | Lair:3   | You fall into a shaft and drop 2 floors!
 13200 | Lair:5   | Entered Level 5 of the Lair of Beasts
 13313 | Lair:5   | Got an earthy gem with 2200 turns to spare
 13375 | Lair:5   | Found a gate leading to a gauntlet.
 13388 | Gauntlet | Entered a Gauntlet
 13388 | Gauntlet | Found a transporter.
 13398 | Gauntlet | Found a transporter.
 13401 | Gauntlet | Found a transporter.
 13402 | Gauntlet | Found a transporter.
 13409 | Gauntlet | Found a runed translucent door.
 13412 | Gauntlet | Found a transporter.
 13413 | Gauntlet | Found a transporter.
 13414 | Gauntlet | Found a transporter.
 13425 | Gauntlet | Found a transporter.
 13426 | Gauntlet | Found a transporter.
 13434 | Gauntlet | Found a transporter.
 13434 | Gauntlet | Found the +1 cloak of Starlight {*Dazzle EV+4 Stlth--}
 13437 | Gauntlet | Found a transporter.
 13438 | Gauntlet | Found a transporter.
 13554 | Gauntlet | Found a transporter.
 13615 | Gauntlet | Found a transporter.
 13686 | Lair:5   | Lost mutation: Your mind is very acute. (Int +8, Str/Dex
                  | -2) [Jiyva's grace]
 13686 | Lair:5   | Lost mutation: A frigid envelope surrounds you and freezes
                  | all who hurt you. [Jiyva's grace]
 13686 | Lair:5   | Lost mutation: You passively map the area around you.
                  | [Jiyva's grace]
 13686 | Lair:5   | Lost mutation: You passively map a small area around you.
                  | [Jiyva's grace]
 13686 | Lair:5   | Lost mutation: Your rubbery body absorbs attacks. (AC +1,
                  | EV +1) [Jiyva's grace]
 13686 | Lair:5   | Lost mutation: You expend magic power (3 MP) to strengthen
                  | your wands. [Jiyva's grace]
 13686 | Lair:5   | Lost mutation: Your movements are significantly less
                  | encumbered by armour. (ER -6) [Jiyva's grace]
 13686 | Lair:5   | Gained mutation: You have a small jelly attached to you
                  | that may absorb projectiles. [Jiyva's grace]
 13686 | Lair:5   | Gained mutation: You are partially covered in iridescent
                  | scales. (AC +2) [Jiyva's grace]
 13686 | Lair:5   | Gained mutation: You are mostly covered in iridescent
                  | scales. (AC +4) [Jiyva's grace]
 13686 | Lair:5   | Gained mutation: You are completely covered in iridescent
                  | scales. (AC +6) [Jiyva's grace]
 13708 | Lair:5   | Found an iron altar of Okawaru.
 13729 | Lair:5   | Reached XP level 16. HP: 154/154 MP: 18/18
 13731 | Lair:5   | Noticed Kirke
 13740 | Lair:5   | Killed Kirke
 13844 | Lair:5   | Found a viscous altar of Jiyva.
 13849 | Lair:5   | Found a staircase to the Slime Pits.
 13854 | Slime:1  | Entered Level 1 of the Pits of Slime
 13864 | Slime:2  | Noticed an acid blob
 13876 | Slime:4  | Noticed an acid blob
 13884 | Slime:5  | Entered Level 5 of the Pits of Slime
 13904 | Slime:5  | Noticed an acid blob
 13942 | Slime:5  | Noticed an acid blob
 13956 | Slime:5  | Noticed an acid blob
 13959 | Slime:5  | Noticed the Royal Jelly
 13975 | Slime:5  | Noticed an acid blob
 14057 | Slime:5  | Noticed an acid blob
 14081 | Slime:5  | Noticed an acid blob
 14082 | Slime:5  | Found a viscous altar of Jiyva.
 14085 | Slime:5  | Noticed an acid blob
 14085 | Slime:5  | Noticed an acid blob
 14089 | Slime:5  | Noticed an acid blob
 14094 | Slime:5  | Got a starry gem with 362 turns to spare
 14094 | Slime:5  | Got the Grimoire of Searing Obstruction
 14097 | Slime:5  | Got a slimy rune of Zot
 14098 | Slime:5  | Identified the +0 shortbow of Disaster {heavy, rPois}
 14108 | Slime:5  | Got Sif Muna's Book of Lava and Hypothermia
 14109 | Slime:5  | Identified the +4 ring mail of Refuge {Dex+2 Slay+3}
 14112 | Slime:5  | Identified the ring of Pocawk {rN+ Str+6 Dex+3}
 14263 | Lair:5   | Reached skill level 17 in Fighting
 15759 | Orc:2    | Bought the ring of Nikiceuc {rF+ Will+ Int+2} for 648 gold
                  | pieces
 16033 | Snake:1  | Entered Level 1 of the Snake Pit
 16574 | Snake:2  | Noticed Frances
 16585 | Snake:2  | Killed Frances
 16586 | Snake:2  | Reached skill level 18 in Fighting
 16635 | Snake:2  | Lost mutation: You are completely covered in iridescent
                  | scales. (AC +6) [Jiyva's grace]
 16635 | Snake:2  | Lost mutation: You are mostly covered in iridescent scales.
                  | (AC +4) [Jiyva's grace]
 16635 | Snake:2  | Lost mutation: You are somewhat resistant to further
                  | mutation. [Jiyva's grace]
 16635 | Snake:2  | Lost mutation: Your translucent skin reduces your foes'
                  | accuracy. (Stealth+) [Jiyva's grace]
 16635 | Snake:2  | Gained mutation: You are covered in slimy tendrils that may
                  | disarm your opponents. [Jiyva's grace]
 16635 | Snake:2  | Gained mutation: Armour fits poorly on your pseudopods.
                  | [Jiyva's grace]
 16635 | Snake:2  | Gained mutation: Armour fits poorly on your large
                  | pseudopods. [Jiyva's grace]
 16635 | Snake:2  | Gained mutation: Armour fits poorly on your massive
                  | pseudopods. [Jiyva's grace]
 16835 | Snake:2  | Found Ydoomp's Antique Weapon Shop.
 16843 | Snake:2  | Found Qestroyb's Antique Weapon Boutique.
 17936 | Snake:3  | Found a runed translucent door.
 17936 | Snake:3  | Found a shimmering altar of Xom.
 17936 | Snake:3  | Noticed Ciageutz's ghost (journeyman GnHW)
 18192 | Snake:4  | Entered Level 4 of the Snake Pit
 18336 | Snake:4  | Reached XP level 17. HP: 99/166 MP: 19/19
 18533 | Snake:4  | Found Angenel's Assorted Antiques.
 18534 | Snake:4  | Lost mutation: Your mind is acute. (Int +4, Str/Dex -1)
                  | [Jiyva's grace]
 18534 | Snake:4  | Lost mutation: Your movements are less encumbered by
                  | armour. (ER -4) [Jiyva's grace]
 18534 | Snake:4  | Gained mutation: You have hidden genetic potential.
                  | [Jiyva's grace]
 18534 | Snake:4  | Gained mutation: You have great hidden genetic potential.
                  | [Jiyva's grace]
 18534 | Snake:4  | Gained mutation: Your flesh is heat resistant. (rF+)
                  | [Jiyva's grace]
 18534 | Snake:4  | Gained mutation: Your flesh is very heat resistant. (rF++)
                  | [Jiyva's grace]
 18538 | Snake:4  | Bought a fuming silvery potion for 20 gold pieces
 18538 | Snake:4  | Bought a golden potion for 20 gold pieces
 18538 | Snake:4  | Bought a scroll of teleportation for 69 gold pieces
 18664 | Snake:4  | Reached skill level 19 in Fighting
 18822 | Snake:4  | Got a serpentine rune of Zot
 19981 | Swamp:1  | Entered Level 1 of the Swamp
 20093 | Swamp:1  | Lost mutation: Your translucent skin slightly reduces your
                  | foes' accuracy. (Stealth+) [potion of mutation]
 20093 | Swamp:1  | Lost mutation: Armour fits poorly on your massive
                  | pseudopods. [potion of mutation]
 20093 | Swamp:1  | Lost mutation: You have great hidden genetic potential.
                  | [potion of mutation]
 20093 | Swamp:1  | Gained mutation: Your body sometimes deteriorates upon
                  | taking damage. [potion of mutation]
 20093 | Swamp:1  | Gained mutation: You are dopey. (Int -2) [potion of
                  | mutation]
 20093 | Swamp:1  | Gained mutation: You have a pair of large horns on your
                  | head. [potion of mutation]
 20098 | Swamp:1  | Lost intelligence.
 20356 | Swamp:2  | Reached skill level 20 in Fighting
 20406 | Swamp:2  | Paralysed by a fenstrider witch for 5 turns
 20691 | Swamp:2  | Lost mutation: You have a pair of large horns on your head.
                  | [Jiyva's grace]
 20691 | Swamp:2  | Lost mutation: You are dopey. (Int -2) [Jiyva's grace]
 20691 | Swamp:2  | Lost mutation: Your flesh is very heat resistant. (rF++)
                  | [Jiyva's grace]
 20691 | Swamp:2  | Lost mutation: You have a considerably increased reservoir
                  | of magic. (+20% MP) [Jiyva's grace]
 20691 | Swamp:2  | Lost mutation: You have hidden genetic potential. [Jiyva's
                  | grace]
 20691 | Swamp:2  | Lost mutation: You have a small jelly attached to you that
                  | may absorb projectiles. [Jiyva's grace]
 20691 | Swamp:2  | Gained mutation: You possess an exceptional clarity of
                  | mind. [Jiyva's grace]
 20691 | Swamp:2  | Gained mutation: You have a pair of large horns on your
                  | head. [Jiyva's grace]
 20691 | Swamp:2  | Gained mutation: Your natural rate of healing is unusually
                  | fast. [Jiyva's grace]
 20691 | Swamp:2  | Gained mutation: You heal very quickly. [Jiyva's grace]
 21363 | Swamp:4  | Entered Level 4 of the Swamp
 21483 | Swamp:4  | Reached XP level 18. HP: 178/180 MP: 18/18
 21763 | Swamp:4  | Noticed a bone dragon
 21769 | Swamp:4  | Reached skill level 15 in Shields
 21779 | Swamp:4  | Killed a bone dragon
 21791 | Swamp:4  | Got a decaying rune of Zot
 22575 | Vaults:1 | Entered Level 1 of the Vaults
 22704 | Vaults:1 | Identified the serpent talisman "Cyghaoj" {rCorr}
 22704 | Vaults:1 | Noticed Aizul
 22714 | Vaults:1 | Reached skill level 21 in Fighting
 22727 | Vaults:1 | Killed Aizul
 23082 | Vaults:1 | Lost mutation: You have a pair of large horns on your head.
                  | [Jiyva's grace]
 23082 | Vaults:1 | Lost mutation: You are partially covered in iridescent
                  | scales. (AC +2) [Jiyva's grace]
 23082 | Vaults:1 | Lost mutation: Your body sometimes deteriorates upon taking
                  | damage. [Jiyva's grace]
 23082 | Vaults:1 | Lost mutation: Your flesh is heat resistant. (rF+) [Jiyva's
                  | grace]
 23082 | Vaults:1 | Lost mutation: Your movements are slightly less encumbered
                  | by armour. (ER -2) [Jiyva's grace]
 23082 | Vaults:1 | Gained mutation: You have a small jelly attached to you
                  | that senses nearby items. [Jiyva's grace]
 23082 | Vaults:1 | Gained mutation: You are partially covered in iridescent
                  | scales. (AC +2) [Jiyva's grace]
 23082 | Vaults:1 | Gained mutation: You are mostly covered in iridescent
                  | scales. (AC +4) [Jiyva's grace]
 23082 | Vaults:1 | Gained mutation: You are completely covered in iridescent
                  | scales. (AC +6) [Jiyva's grace]
 23367 | Vaults:1 | Noticed Saint Roka
 23385 | Vaults:1 | Killed Saint Roka
 23800 | Vaults:2 | Found a staircase to the Crypt.
 23912 | Vaults:2 | Reached skill level 22 in Fighting
 24085 | Vaults:3 | Killed a lich
 24202 | Vaults:3 | Reached XP level 19. HP: 122/192 MP: 19/19
 24933 | Vaults:4 | Noticed a Tzitzimitl
 25404 | Vaults:2 | Lost mutation: You are completely covered in iridescent
                  | scales. (AC +6) [Jiyva's grace]
 25404 | Vaults:2 | Lost mutation: You possess an exceptional clarity of mind.
                  | [Jiyva's grace]
 25404 | Vaults:2 | Lost mutation: You have an increased reservoir of magic.
                  | (+10% MP) [Jiyva's grace]
 25404 | Vaults:2 | Lost mutation: You heal very quickly. [Jiyva's grace]
 25404 | Vaults:2 | Gained mutation: You heal very quickly. [Jiyva's grace]
 25404 | Vaults:2 | Gained mutation: You regenerate. [Jiyva's grace]
 25404 | Vaults:2 | Gained mutation: Your spells are a little harder to cast,
                  | but a little more powerful. [Jiyva's grace]
 25404 | Vaults:2 | Gained mutation: Your spells are harder to cast, but more
                  | powerful. [Jiyva's grace]
 25576 | Elf:1    | Entered Level 1 of the Elven Halls
 25577 | Elf:1    | Paralysed by an air elemental for 1 turns
 25582 | Elf:1    | Paralysed by an air elemental for 1 turns
 25731 | Elf:1    | You fall into a shaft and drop 1 floor!
 25763 | Elf:2    | Found a runed translucent gate.
 25763 | Elf:2    | Found a runed translucent gate.
 25764 | Elf:2    | Found a runed translucent gate.
 25945 | Elf:2    | Reached skill level 23 in Fighting
 25949 | Elf:2    | Paralysed by an air elemental for 1 turns
 26024 | Elf:2    | Identified the +0 scale mail of the Platytaur {Slay+2}
 26080 | Elf:2    | Paralysed by an air elemental for 1 turns
 26085 | Elf:2    | Paralysed by an air elemental for 1 turns
 26096 | Elf:2    | Found Kelossat's Magic Scroll Shoppe.
 26241 | Elf:1    | Found Girraqen's Armour Emporium.
 26291 | Elf:1    | Identified the +0 leather armour of Proximity {Str+4 Int+2
                  | Stlth+}
 26510 | Elf:1    | Found the +11 Singing Sword {sonic wave}
 26651 | Elf:1    | Got Kikubaaqudgha's Teachings on Exhumation
 27041 | Depths:1 | Entered Level 1 of the Depths
 27047 | Depths:1 | Lost mutation: Your spells are harder to cast, but more
                  | powerful. [Jiyva's grace]
 27047 | Depths:1 | Gained mutation: Your rubbery body absorbs attacks. (AC +1,
                  | EV +1) [Jiyva's grace]
 27047 | Depths:1 | Gained mutation: Your pliable body absorbs attacks. (AC +2,
                  | EV +2) [Jiyva's grace]
 27047 | Depths:1 | Gained mutation: Your gelatinous body deflects attacks. (AC
                  | +3, EV +3) [Jiyva's grace]
 27047 | Depths:1 | Gained mutation: You are completely covered in iridescent
                  | scales. (AC +6) [Jiyva's grace]
 27140 | Depths:1 | Found a runed translucent door.
 27142 | Depths:1 | Noticed Gemnonof's ghost (adept DgCj)
 27217 | Depths:1 | Found a hazy altar of Hepliaklqana.
 27266 | Depths:1 | Found a glowing silver altar of Zin.
 27417 | Depths:1 | Reached XP level 20. HP: 205/205 MP: 19/19
 27453 | Depths:1 | Noticed a bone dragon
 27455 | Depths:1 | Found a gateway to Hell.
 27468 | Depths:1 | Killed a bone dragon
 27577 | Depths:1 | Found a one-way gate to the infinite horrors of the Abyss.
 28297 | Orc:2    | Bought a transparent plate armour for 952 gold pieces
 28297 | Orc:2    | Identified the +4 plate armour of Cheibriados's Hope {rN+
                  | Dex+4} (You bought it in a shop on level 2 of the Orcish
                  | Mines)
 28672 | Depths:2 | Reached skill level 24 in Fighting
 28708 | Depths:2 | You fall into a shaft and drop 2 floors!
 28708 | Depths:4 | Entered Level 4 of the Depths
 28743 | Depths:4 | Noticed a bone dragon
 28765 | Depths:4 | Killed a bone dragon
 28776 | Depths:4 | Found a gate to the Realm of Zot.
 28813 | Depths:4 | Got a midnight gem with 1603 turns to spare
 28864 | Depths:4 | Found Zager's Assorted Antiques.
 28919 | Depths:4 | Found Ravufemu's Antique Armour Shoppe.
 28966 | Depths:4 | Identified the serpent talisman of Grace {Dex+2}
 28987 | Depths:4 | Found a one-way gateway to a ziggurat.
 29049 | Depths:3 | Noticed a golden dragon
 29062 | Depths:3 | Killed a golden dragon
 29087 | Depths:3 | Identified the +10 hand axe of Wrath {distort, Dex+3}
 29101 | Depths:3 | Lost mutation: You are completely covered in iridescent
                  | scales. (AC +6) [Jiyva's grace]
 29101 | Depths:3 | Lost mutation: Your spells are a little harder to cast, but
                  | a little more powerful. [Jiyva's grace]
 29101 | Depths:3 | Lost mutation: Your gelatinous body deflects attacks. (AC
                  | +3, EV +3) [Jiyva's grace]
 29101 | Depths:3 | Lost mutation: Your pliable body absorbs attacks. (AC +2,
                  | EV +2) [Jiyva's grace]
 29101 | Depths:3 | Lost mutation: Armour fits poorly on your large pseudopods.
                  | [Jiyva's grace]
 29101 | Depths:3 | Lost mutation: Armour fits poorly on your pseudopods.
                  | [Jiyva's grace]
 29101 | Depths:3 | Gained mutation: You are strong-willed. (Will+) [Jiyva's
                  | grace]
 29101 | Depths:3 | Gained mutation: You are highly strong-willed. (Will++)
                  | [Jiyva's grace]
 29101 | Depths:3 | Gained mutation: You are extremely strong-willed. (Will+++)
                  | [Jiyva's grace]
 29101 | Depths:3 | Gained mutation: Your muscles are strong. (Str +4, Int/Dex
                  | -1) [Jiyva's grace]
 29170 | Depths:3 | Found Dior Oczi's Distillery.
 29178 | Depths:3 | Bought a potion of heal wounds for 110 gold pieces
 29598 | Depths:3 | Noticed an ancient lich
 29613 | Depths:3 | Killed an ancient lich
 29642 | Depths:3 | Got the Elucidation of Blasted Sinister Magic
 29660 | Depths:3 | Found the +6 Majin-Bo {spellvamp, MP+6 Int+6}
 29784 | Depths:3 | Reached skill level 25 in Fighting
 29870 | Depths:2 | Found a one-way gate leading to the halls of Pandemonium.
 30570 | Depths:2 | Lost mutation: You are mostly covered in iridescent scales.
                  | (AC +4) [Jiyva's grace]
 30570 | Depths:2 | Lost mutation: You regenerate. [Jiyva's grace]
 30570 | Depths:2 | Lost mutation: You heal very quickly. [Jiyva's grace]
 30570 | Depths:2 | Lost mutation: Your rubbery body absorbs attacks. (AC +1,
                  | EV +1) [Jiyva's grace]
 30570 | Depths:2 | Lost mutation: You have a small jelly attached to you that
                  | senses nearby items. [Jiyva's grace]
 30570 | Depths:2 | Gained mutation: You are mostly covered in iridescent
                  | scales. (AC +4) [Jiyva's grace]
 30570 | Depths:2 | Gained mutation: You are completely covered in iridescent
                  | scales. (AC +6) [Jiyva's grace]
 30570 | Depths:2 | Gained mutation: You have large cloven feet. [Jiyva's
                  | grace]
 30570 | Depths:2 | Gained mutation: You have hoof-like feet. [Jiyva's grace]
 30635 | Zot:1    | Entered Level 1 of the Realm of Zot
 30653 | Zot:1    | Reached XP level 21. HP: 177/217 MP: 20/20
 30722 | Zot:1    | Noticed an orb of fire
 30747 | Zot:1    | Killed an orb of fire
 30806 | Zot:2    | Noticed a golden dragon
 30822 | Zot:2    | Killed a golden dragon
 30884 | Zot:2    | Noticed a golden dragon
 30898 | Zot:2    | Killed a golden dragon
 30966 | Zot:3    | Noticed a golden dragon
 30976 | Zot:3    | Killed a golden dragon
 31148 | Zot:4    | Reached skill level 26 in Fighting
 31250 | Zot:5    | Entered Level 5 of the Realm of Zot
 31252 | Zot:5    | Identified the +1 scale mail "Iteusuan" {*Slow rPois rCorr
                  | Str+7}
 31313 | Zot:5    | Noticed an orb of fire
 31334 | Zot:5    | Killed an orb of fire
 31517 | Zot:5    | Got a prismatic gem with 198 turns to spare
 31541 | Zot:5    | Noticed a dread lich
 31541 | Zot:5    | Noticed a Killer Klown
 31541 | Zot:5    | Noticed a dread lich
 31541 | Zot:5    | Noticed an orb of fire
 31541 | Zot:5    | Noticed a golden dragon
 31542 | Zot:5    | Noticed a golden dragon
 31542 | Zot:5    | Noticed an ancient lich
 31543 | Zot:5    | Noticed an orb of fire
 31543 | Zot:5    | Identified the ring "Tor Ify" {rPois rF- rC+ AC+4}
 31557 | Zot:5    | Noticed an orb of fire
 31561 | Zot:5    | Got the Orb of Zot
 31561 | Zot:5    | Noticed an ancient lich
 31561 | Zot:5    | Noticed an orb of fire
 31561 | Zot:5    | Noticed an orb of fire
 31561 | Zot:5    | Noticed an ancient lich
 31561 | Zot:5    | Noticed a dread lich
 31566 | Zot:5    | Noticed a Killer Klown
 31588 | Zot:5    | Noticed an ancient lich
 31624 | Zot:5    | Noticed Vurghafaxt the pandemonium lord
 31673 | Zot:3    | Noticed Epnubbuc the pandemonium lord
 32184 | D:$      | Escaped with the Orb!

Illustrated notes

Levels and vault maps discovered:
D:1:      dpeg_arrival_fog, layout_basic, hellmonk_ecumenical_altar_lost_god,
          serial_bayou_ford_a
D:2:      layout_rooms, hangedman_decor_lopped
D:3:      layout_basic, kennysheep_slug_shrine, minivault_26, hex_large,
          reono_crystal_passage, chequers_serial_rivers_micro_d
D:4:      layout_basic, minmay_temple_entry_nine_rooms
D:5:      layout_basic, lemuel_coloured_pillars_altar,
          mainiacjoe_overflow_surrounded_room
D:6:      dreamdust_elfheim, layout_cave_pools, minitemple,
          lightli_temple_of_fire, serial_shops, nicolae_shop_hallway_plus
D:7:      layout_rooms, nicolae_tso_carved_into_rock, bloody_trog,
          minmay_hedge_maze, uniq_jeremiah, uniq_duvessa
D:8:      layout_rooms, nicolae_wu_jian_immortal_techniques,
          david_lair_shrubbed, serial_shops, shop, enter_bailey_2
D:9:      layout_small_grid
D:10:     layout_cave_pools, orc_david_3, uniq_lodul, uniq_joseph
D:11:     layout_layer_cave
D:12:     layout_long_grid, serial_shops, nicolae_shop_pleasant_corner_grove,
          nicolae_book_shop_shelving, nicolae_shop_hallway_plus, serial_demonic,
          serial_demonic_b, serial_demonic_f, serial_demonic_b,
          serial_demonic_f, uniq_erolcha
D:13:     layout_roguey, david_vaults_3, uniq_snorg, uniq_rupert
D:14:     nicolae_aperiodic_l_corner, layout_basic,
          chequers_serial_rivers_marsh, grunt_ministairs_12,
          nicolae_shop_i_like_small_books_too, chequers_serial_rivers_micro_c,
          uniq_roxanne, uniq_nessos, uniq_louise
D:15:     hangedman_depths_entry_civil_slaughter, layout_stronghold,
          wad_floor_pattern_untrapped
Lair:1:   layout_concentric_octagons, grunt_megastairs_5
Lair:2:   layout_cave_pods, mainiacjoe_swamp_entry_angry_trees,
          nicolae_snake_entry_squirm, st_stairs_7, beast_lair_carwin_5
Lair:3:   layout_loops_ring, serial_bayou_shore_a
Lair:4:   layout_long_grid
Lair:5:   minmay_lair_end_frog_pond, layout_misc_corridors,
          dpeg_slime_entry_corner, basic_altar, gauntlet_entry_generic,
          st_stairs_12, grunt_forest_small_clearing_treed, uniq_kirke
Swamp:1:  layout_basic_swamp, evilmike_swamp_ruin_house_6
Swamp:2:  layout_basic_swamp, nicolae_swamp_tree_designs
Swamp:3:  layout_falls_marsh, evilmike_swamp_ruin_rubble_1
Swamp:4:  swamp_pestilence, layout_basic_swamp
Snake:1:  layout_basic, grunt_megastairs_4
Snake:2:  layout_basic, minmay_shoptagon, uniq_frances
Snake:3:  layout_cave_town, ebering_ghost_xom
Snake:4:  johnstein_snake_rune_scales, layout_cave_town, serial_shops, shop
Slime:1:  layout_caves
Slime:2:  layout_caves
Slime:3:  layout_caves
Slime:4:  layout_caves
Slime:5:  slime_pit, uniq_dissolution
Orc:1:    lemuel_ogre_cave, layout_caves, serial_shops, nicolae_shop_stone,
          mines2_david
Orc:2:    st_orc_congregation, layout_diamond_mine, basic_altar, uniq_josephine
Elf:1:    layout_gridlike, serial_shops, nicolae_square_shop,
          minmay_elf_necromancy, nicolae_elf_variegated_diamond
Elf:2:    nicolae_elf_blades_crystal_corner, layout_geoelf_grid, serial_shops,
          shop, nicolae_zig_zag_zippers
Vaults:1: vaults_dpeg_ring, v_misc_26, hangedman_vaults_stream,
          grunt_vaults_funnel, vaults_dpeg_doors, nicolae_vaults_trapezoid_3,
          vaults_room_pools, v_misc_27, nicolae_vaults_mini_display_case,
          nicolae_vaults_alarming, nicolae_vaults_apartment_2,
          layout_vaults_omnicross, uniq_saint_roka, uniq_aizul
Vaults:2: v_misc_30, minmay_crypt_entry_simple_walls, vaults_standard_mumra_x,
          nicolae_vaults_network_s, nicolae_vaults_oval_intersection,
          nicolae_vaults_heart-shaped_vault, layout_vaults_quadrants
Vaults:3: hangedman_vaults_stagger, grunt_vaults_diagonal,
          nicolae_vaults_surprise_closet, vaults_mumra_minichess_inversion,
          nicolae_vaults_closet_pinwheel_3, hangedman_vaults_locks,
          nicolae_vaults_storage_closets_1, grunt_vaults_hallway_short,
          serial_library_hellmonk_open_cross, v_misc_23,
          nicolae_vaults_library_corner, nicolae_vaults_trapezoid_4,
          layout_vaults_big_room
Vaults:4: v_rooms_3, nicolae_vaults_trapezoid_2,
          nicolae_vaults_hexular_roomagon, nicolae_vaults_door_testing_chamber,
          nicolae_vaults_holding_cells, nicolae_vaults_cornered_office,
          ontoclasm_vaults_spin, hangedman_vaults_nails, nicolae_vaults_cochlea,
          nicolae_vaults_theta, nicolae_vaults_specimen_jars, v_pattern_4,
          layout_vaults_maze_snakey, serial_shops, shop_fountains
Depths:1: layout_gridlike, lemuel_doored_altar, abyss_entry,
          muffindrake_ghost_three_little_ghosts, grunt_mini_vestibule,
          roderic_roman_lattice, zin_treasury, serial_bayou_shore_b
Depths:2: hellmonk_destroyed_diamonds, layout_basic, pan_entry,
          kennysheep_decorative_pillar, hell_entry
Depths:3: minmay_guarded_unrand_majin_bo, layout_cave_shapes, serial_shops,
          nicolae_shop_crystal, minmay_room_of_horrors, hell_entry,
          minmay_misc_feat_more_columns
Depths:4: grunt_zot_entry_alcove, layout_basic, enter_ziggurat_c,
          hangedman_decor_opposing, rand_demon_pan_entry_5, serial_shops,
          nicolae_shop_rolling_square, shop, shop, pf_hell_entry_tar_spiral
Zot:1:    layout_cathedral_of_symmetry, lemuel_lich_library, uniq_josephina
Zot:2:    layout_gridlike, uniq_parghit
Zot:3:    layout_cathedral_of_symmetry, uniq_grunn
Zot:4:    layout_misc_corridors
Zot:5:    layout_cathedral_of_symmetry, grunt_ministairs_14

Skill      XL: |  1  2  3  4  5  6  7  8  9 10 11 12 13 14 15 16 17 18 19 20 21 |
---------------+----------------------------------------------------------------+-----
Axes           | 3 4 5 6 7 9 10 12 14 16 18 19 20 21 22 23 24 | 24.3
Fighting       | 4 5 6 7 8 9 10 12 13 14 16 18 20 22 23 25 26 | 26.5
Armour         | 4 5 6 7 8 9 10 12 13 14 15 16 18 19 20 21 | 21.8
Shields        | 4 5 6 7 8 9 10 11 13 14 16 17 18 19 | 19.4
Evocations     | 1 3 4 |  4.3
Dodging        | 1 5 7 9 |  9.9
Maces & Flails | 6 7 |  7.2

Action                     |  1- 3 |  4- 6 |  7- 9 | 10-12 | 13-15 | 16-18 | 19-21 || total
---------------------------+-------+-------+-------+-------+-------+-------+-------++-------
  Melee: War axe           |    70 |    44 |   147 |       |       |       |       ||   261
         Headbutt          |    11 |     5 |    43 |    66 |   196 |   269 |   293 ||   883
         Trident           |       |       |    80 |   113 |       |       |       ||   193
         Battleaxe         |       |       |       |   232 |     5 |       |       ||   237
         Bite              |       |       |       |    23 |       |       |       ||    23
         Morningstar       |       |       |       |       |   503 |   277 |    22 ||   802
         Broad axe         |       |       |       |       |   359 |   760 |  1031 ||  2150
         Pseudopods        |       |       |       |       |       |   194 |   141 ||   335
  Throw: Dart              |       |       |       |     3 |     4 |       |       ||     7
         Throwing net      |       |       |       |       |       |       |     1 ||     1
 Invoke: Oozemancy         |       |       |       |     1 |       |     7 |     7 ||    15
         Slimify           |       |       |       |       |     1 |       |       ||     1
  Evoke: Wand              |       |       |       |     3 |       |       |     7 ||    10
    Use: Potion            |       |     1 |       |     1 |     3 |    10 |    21 ||    36
         Scroll            |       |       |    11 |     2 |    15 |     4 |    23 ||    55
   Stab: Distracted        |       |       |       |       |     2 |       |       ||     2
         Invisible         |       |       |       |       |       |    10 |     3 ||    13
         Held in net/web   |       |       |       |       |       |       |     2 ||     2
 Armour: Scale mail        |    57 |    23 |    10 |       |       |       |       ||    90
         Chain mail        |       |       |    58 |    85 |       |       |       ||   143
         Plate armour      |       |       |       |   141 |   279 |   368 |   423 ||  1211
         Gold dragon scale |       |       |       |       |       |       |   134 ||   134
  Dodge: Dodged            |    33 |    19 |   121 |   293 |   284 |   388 |   285 ||  1423
  Block: Buckler           |    16 |    14 |   143 |    81 |       |       |       ||   254
         Reflection        |       |       |    11 |     9 |    51 |   100 |    39 ||   210
         Other             |       |       |       |    65 |       |       |       ||    65
         Tower shield      |       |       |       |       |   878 |  1261 |  1160 ||  3299
